[ AOE2 MATCH · #504752703 ]
UnrankedArmenians vs Armenians
Player's team · WIN
Rival team · LOSS
[ REPLAY ANALYSIS · EXTRACTED FROM THE RECORDED GAME ]
Feudal
10:23
Castle
33:51
Imperial
—
| APM avg | 30.2 |
| APM peak | 92 |
| eAPM avg | 17.5 |
| Villagers / military | 35 / 48 |
Focus
⚔️ 30.4% · 🌾 69.6%
Militia ×29 · Archer ×8 · Fishing Ship ×7 · Skirmisher ×6 · Knight ×3 · Scout Cavalry ×2
Feudal
10:39
Castle
35:40
Imperial
—
| APM avg | 20.7 |
| APM peak | 81 |
| eAPM avg | 12.5 |
| Villagers / military | 96 / 71 |
Focus
⚔️ 26.5% · 🌾 73.5%
Militia ×48 · Archer ×15 · Fishing Ship ×9 · Spearman ×4 · Skirmisher ×4
Match map
Initial resources + every placement click. Lines = walls · curves = elevation contours. ◆ gold · ⬟ stone · ● berries · ✦ relic · ◌ wall gap
Your base· Open — unwalled flank
SHEEP STEALER's base· Open — 3t gap
Smoothed initial terrain · ◌ = detected wall gap · hover for details
Inputs per minute
— Papapishu8352 - - SHEEP STEALER
Build order — Papapishu8352
First 150 of 166 actions detected
| 0:02 | Queue | Villager (Male) |
| 0:02 | Queue | Villager (Male) |
| 0:02 | Queue | Villager (Male) |
| 0:02 | Queue | Villager (Male) |
| 0:04 | Build | House |
| 0:06 | Build | House |
| 1:30 | Queue | Villager (Male) |
| 2:03 | Queue | Villager (Male) |
| 2:13 | Build | Mule Cart |
| 2:22 | Queue | Villager (Male) |
| 2:54 | Queue | Villager (Male) |
| 3:03 | Build | House |
| 3:19 | Build | House |
| 3:33 | Queue | Villager (Male) |
| 3:34 | Queue | Villager (Male) |
| 3:34 | Queue | Villager (Male) |
| 3:51 | Research | Loom |
| 4:26 | Build | Mill |
| 4:29 | Queue | Villager (Male) |
| 5:03 | Queue | Villager (Male) |
| 5:18 | Queue | Villager (Male) |
| 6:27 | Queue | Villager (Male) |
| 6:55 | Queue | Villager (Male) |
| 7:15 | Queue | Villager (Male) |
| 8:08 | Build | Mule Cart |
| 8:13 | Research | Feudal Age |
| 9:01 | Build | House |
| 9:04 | Build | Palisade Wall |
| 9:58 | Build | Barracks |
| 10:07 | Queue | Villager (Male) |
| 10:23 | Age | Feudal Age |
| 10:27 | Build | Blacksmith |
| 10:33 | Research | Double-Bit Axe |
| 10:38 | Queue | Villager (Male) |
| 10:51 | Queue | Militia |
| 10:52 | Research | Man-at-Arms (upgrade) |
| 11:13 | Build | Barracks |
| 11:15 | Queue | Militia |
| 11:25 | Queue | Villager (Male) |
| 11:30 | Research | Forging |
| 11:37 | Research | Scale Mail Armor |
| 11:38 | Queue | Militia |
| 11:46 | Build | House |
| 11:50 | Queue | Villager (Male) |
| 11:57 | Queue | Militia |
| 12:07 | Queue | Militia |
| 12:08 | Queue | Militia |
| 12:18 | Queue | Villager (Male) |
| 12:27 | Build | Mule Cart |
| 12:30 | Build | House |
| 12:32 | Queue | Militia |
| 12:59 | Queue | Militia |
| 13:09 | Build | House |
| 13:10 | Build | Palisade Wall |
| 13:21 | Build | Mill |
| 13:23 | Queue | Villager (Male) |
| 13:52 | Build | Watch Tower |
| 14:00 | Queue | Militia |
| 14:10 | Build | Farm |
| 14:33 | Build | Archery Range |
| 14:42 | Queue | Militia |
| 15:01 | Queue | Archer |
| 15:02 | Queue | Archer |
| 15:05 | Queue | Villager (Male) |
| 15:20 | Build | House |
| 15:25 | Queue | Archer |
| 15:34 | Queue | Militia |
| 16:00 | Build | House |
| 16:09 | Build | Watch Tower |
| 16:30 | Research | Fletching |
| 16:34 | Queue | Militia |
| 16:34 | Queue | Militia |
| 16:46 | Queue | Archer |
| 17:27 | Queue | Militia |
| 17:27 | Queue | Militia |
| 17:56 | Build | House |
| 17:57 | Build | House |
| 18:07 | Research | Arson |
| 18:20 | Build | Watch Tower |
| 18:34 | Queue | Villager (Male) |
| 18:50 | Queue | Archer |
| 18:51 | Queue | Archer |
| 19:04 | Build | Market |
| 19:24 | Build | Watch Tower |
| 19:34 | Queue | Militia |
| 19:34 | Queue | Militia |
| 19:38 | Build | House |
| 19:39 | Build | House |
| 19:59 | Build | House |
| 21:48 | Queue | Villager (Male) |
| 22:15 | Queue | Militia |
| 22:20 | Research | Long Swordsman (upgrade) |
| 22:31 | Queue | Archer |
| 22:32 | Queue | Archer |
| 23:09 | Queue | Militia |
| 23:16 | Build | Palisade Wall |
| 23:17 | Build | Palisade Wall |
| 23:25 | Queue | Militia |
| 23:26 | Queue | Militia |
| 23:44 | Build | Mule Cart |
| 24:08 | Build | Stable |
| 24:11 | Queue | Villager (Male) |
| 24:18 | Research | Wheelbarrow |
| 24:57 | Queue | Villager (Male) |
| 25:42 | Build | Watch Tower |
| 26:01 | Queue | Villager (Male) |
| 26:28 | Build | Archery Range |
| 26:30 | Queue | Militia |
| 26:31 | Queue | Militia |
| 26:38 | Build | Farm |
| 27:02 | Build | Watch Tower |
| 27:09 | Build | Farm |
| 27:13 | Queue | Villager (Male) |
| 27:49 | Build | Dock |
| 27:54 | Queue | Villager (Male) |
| 28:13 | Queue | Scout Cavalry |
| 28:14 | Queue | Scout Cavalry |
| 28:27 | Queue | Fishing Ship |
| 28:41 | Queue | Villager (Male) |
| 29:22 | Research | Scale Barding Armor |
| 29:38 | Queue | Fishing Ship |
| 29:48 | Build | Dock |
| 30:00 | Queue | Villager (Male) |
| 30:26 | Queue | Fishing Ship |
| 31:11 | Research | Castle Age |
| 31:16 | Build | Dock |
| 31:21 | Research | Tech 906 |
| 31:22 | Queue | Fishing Ship |
| 31:53 | Research | Horse Collar |
| 32:00 | Queue | Fishing Ship |
| 32:11 | Queue | Militia |
| 32:12 | Queue | Militia |
| 32:27 | Queue | Skirmisher |
| 32:28 | Queue | Skirmisher |
| 32:33 | Build | Archery Range |
| 32:40 | Research | Padded Archer Armor |
| 32:44 | Queue | Skirmisher |
| 33:25 | Queue | Militia |
| 33:26 | Queue | Militia |
| 33:32 | Build | Outpost |
| 33:40 | Build | House |
| 33:42 | Build | House |
| 33:42 | Build | House |
| 33:51 | Age | Castle Age |
| 34:01 | Research | Hand Cart |
| 34:07 | Build | House |
| 34:45 | Queue | Militia |
| 34:46 | Queue | Militia |
| 35:03 | Build | Castle |
| 35:07 | Build | Palisade Wall |
Build order — SHEEP STEALER
First 150 of 265 actions detected
| 0:01 | Queue | Villager (Male) |
| 0:01 | Queue | Villager (Male) |
| 0:01 | Queue | Villager (Male) |
| 0:02 | Queue | Villager (Male) |
| 0:03 | Build | House |
| 0:05 | Build | House |
| 1:50 | Queue | Villager (Male) |
| 1:50 | Queue | Villager (Male) |
| 1:52 | Build | Mule Cart |
| 2:00 | Queue | Villager (Male) |
| 2:40 | Queue | Villager (Male) |
| 3:20 | Queue | Villager (Male) |
| 3:33 | Queue | Villager (Male) |
| 3:33 | Queue | Villager (Male) |
| 4:12 | Queue | Villager (Male) |
| 4:35 | Queue | Villager (Male) |
| 4:37 | Queue | Villager (Male) |
| 4:43 | Build | Mill |
| 4:47 | Build | House |
| 4:59 | Queue | Villager (Male) |
| 5:51 | Build | House |
| 5:57 | Queue | Villager (Male) |
| 6:16 | Queue | Villager (Male) |
| 6:37 | Queue | Villager (Male) |
| 7:09 | Queue | Villager (Male) |
| 7:21 | Queue | Villager (Male) |
| 7:46 | Build | Mill |
| 8:00 | Queue | Villager (Male) |
| 8:29 | Research | Feudal Age |
| 8:42 | Build | Mule Cart |
| 8:58 | Build | Barracks |
| 9:21 | Build | House |
| 10:14 | Queue | Villager (Male) |
| 10:14 | Queue | Villager (Male) |
| 10:16 | Queue | Militia |
| 10:17 | Queue | Militia |
| 10:17 | Queue | Militia |
| 10:17 | Queue | Militia |
| 10:17 | Queue | Militia |
| 10:34 | Build | House |
| 10:39 | Age | Feudal Age |
| 10:56 | Research | Double-Bit Axe |
| 11:10 | Queue | Villager (Male) |
| 11:33 | Research | Man-at-Arms (upgrade) |
| 11:38 | Queue | Villager (Male) |
| 11:48 | Queue | Villager (Male) |
| 12:08 | Queue | Villager (Male) |
| 12:12 | Build | Barracks |
| 12:16 | Research | Arson |
| 12:17 | Queue | Militia |
| 12:19 | Queue | Militia |
| 12:22 | Queue | Villager (Male) |
| 12:37 | Build | House |
| 13:25 | Research | Long Swordsman (upgrade) |
| 13:33 | Queue | Militia |
| 13:33 | Queue | Militia |
| 13:33 | Queue | Militia |
| 13:55 | Queue | Militia |
| 13:55 | Queue | Militia |
| 13:55 | Queue | Militia |
| 13:56 | Queue | Militia |
| 14:19 | Queue | Villager (Male) |
| 14:20 | Queue | Villager (Male) |
| 14:20 | Queue | Villager (Male) |
| 14:24 | Queue | Militia |
| 14:25 | Queue | Militia |
| 14:25 | Queue | Militia |
| 14:45 | Build | Farm |
| 14:53 | Build | Mule Cart |
| 14:57 | Build | House |
| 15:22 | Build | House |
| 15:24 | Build | House |
| 15:30 | Queue | Villager (Male) |
| 15:30 | Queue | Villager (Male) |
| 15:34 | Build | Farm |
| 15:48 | Queue | Militia |
| 15:48 | Queue | Militia |
| 15:56 | Build | Farm |
| 16:23 | Build | Farm |
| 16:24 | Build | Farm |
| 16:25 | Build | Farm |
| 16:28 | Queue | Villager (Male) |
| 16:46 | Build | Farm |
| 16:50 | Queue | Villager (Male) |
| 17:28 | Queue | Villager (Male) |
| 17:29 | Queue | Villager (Male) |
| 17:31 | Build | Farm |
| 17:47 | Queue | Villager (Male) |
| 17:55 | Build | House |
| 17:56 | Build | House |
| 18:03 | Queue | Villager (Male) |
| 18:27 | Build | Market |
| 18:33 | Queue | Villager (Male) |
| 18:38 | Build | Blacksmith |
| 19:09 | Queue | Villager (Male) |
| 19:25 | Queue | Villager (Male) |
| 19:46 | Build | Farm |
| 19:48 | Queue | Villager (Male) |
| 20:01 | Build | Watch Tower |
| 20:05 | Queue | Villager (Male) |
| 20:08 | Build | Farm |
| 20:09 | Queue | Villager (Male) |
| 20:10 | Queue | Villager (Male) |
| 20:10 | Queue | Villager (Male) |
| 20:24 | Queue | Spearman |
| 20:24 | Queue | Spearman |
| 20:38 | Queue | Militia |
| 20:38 | Queue | Militia |
| 20:39 | Queue | Militia |
| 20:46 | Build | Farm |
| 20:56 | Queue | Militia |
| 20:56 | Queue | Militia |
| 21:12 | Queue | Militia |
| 21:13 | Queue | Villager (Male) |
| 21:13 | Queue | Villager (Male) |
| 21:16 | Build | Farm |
| 21:18 | Build | Farm |
| 21:55 | Queue | Villager (Male) |
| 21:55 | Queue | Villager (Male) |
| 21:55 | Queue | Villager (Male) |
| 21:56 | Queue | Villager (Male) |
| 22:01 | Build | Archery Range |
| 22:14 | Build | Farm |
| 22:32 | Queue | Militia |
| 22:32 | Queue | Militia |
| 22:32 | Queue | Militia |
| 23:01 | Queue | Skirmisher |
| 23:02 | Queue | Skirmisher |
| 23:02 | Queue | Skirmisher |
| 23:02 | Queue | Skirmisher |
| 23:06 | Build | Farm |
| 24:33 | Queue | Villager (Male) |
| 24:33 | Queue | Villager (Male) |
| 24:49 | Queue | Militia |
| 24:50 | Queue | Militia |
| 24:50 | Queue | Militia |
| 25:36 | Research | Scale Mail Armor |
| 25:37 | Queue | Villager (Male) |
| 25:58 | Queue | Villager (Male) |
| 25:58 | Queue | Villager (Male) |
| 26:31 | Queue | Militia |
| 26:31 | Queue | Militia |
| 26:32 | Queue | Militia |
| 26:37 | Queue | Archer |
| 26:37 | Queue | Archer |
| 26:37 | Queue | Archer |
| 26:37 | Queue | Archer |
| 26:38 | Queue | Archer |
| 26:38 | Queue | Archer |
| 26:38 | Queue | Archer |
Match timeline
| 8:58 | SHEEP STEALER · first_building Barracks |
| 9:04 | Papapishu8352 · wall_segment Palisade Wall x11 |
| 9:58 | Papapishu8352 · first_building Barracks |
| 10:23 | Papapishu8352 · age_up feudal |
| 10:39 | SHEEP STEALER · age_up feudal |
| 13:10 | Papapishu8352 · wall_segment Palisade Wall x7 |
| 14:33 | Papapishu8352 · first_building Archery Range |
| 22:01 | SHEEP STEALER · first_building Archery Range |
| 22:13 | Papapishu8352 · first_market_buy 100 food |
| 23:16 | Papapishu8352 · wall_segment Palisade Wall x1 |
| 23:17 | Papapishu8352 · wall_segment Palisade Wall x1 |
| 24:08 | Papapishu8352 · first_building Stable |
| 25:28 | Papapishu8352 · first_market_sell 100 wood |
| 27:49 | Papapishu8352 · first_building Dock |
| 30:29 | SHEEP STEALER · first_building Dock |
| 32:49 | SHEEP STEALER · first_market_sell 500 wood |
| 32:50 | SHEEP STEALER · first_market_buy 100 food |
| 33:51 | Papapishu8352 · age_up castle |
| 35:03 | Papapishu8352 · first_building Castle |
| 35:07 | Papapishu8352 · wall_segment Palisade Wall x1 |
| 35:15 | Papapishu8352 · wall_segment Palisade Wall x1 |
| 35:17 | Papapishu8352 · wall_segment Palisade Wall x1 |
| 35:40 | SHEEP STEALER · age_up castle |
| 37:29 | Papapishu8352 · first_building Monastery |
| 38:36 | SHEEP STEALER · resign |
[ AI ANALYSIS · 1 CREDIT ]
What really happened in this match?
Wolo.gg analyzes every decision: build order, eco, micro, common mistakes by bracket. Personalized analysis on WhatsApp or Discord in 30 seconds.
Civ guide
Armenians
Perfil
Jugador #19470619